 Dungeon Crawl Stone Soup version 0.16.2-2-g470672f (webtiles) character file.

466 CrazyArbalest the Bolt Thrower (level 6, 0/51 HPs)
             Began as a Centaur Hunter on Aug 24, 2015.
             Was an Initiate of Gozag.
             Slain by a gnoll
             ... wielding a +0 halberd
              (12 damage)
             ... on level 4 of the Dungeon.
             The game lasted 00:23:47 (5347 turns).

CrazyArbalest the Bolt Thrower (Centaur Hunter)     Turns: 5347, Time: 00:23:48

Health: 0/51       AC:  8    Str: 16    XL:     6   Next: 81%
Magic:  5/5        EV: 10    Int: 10    God:    Gozag
Gold:   417        SH:  0    Dex: 10    Spells: 0 memorised, 5 levels left

rFire  . . .     SeeInvis .     B - +5 club
rCold  . . .     Clarity  .     r - +0 leather armour {rPois}
rNeg   . . .     SustAb   .     (no shield)
rPois  +         Gourm    .     j - +2 helmet
rElec  .         Spirit   .     (no cloak)
rCorr  .         Warding  .     z - +0 pair of gloves
rMut   .         Stasis   .     (no barding)
MR     .....                    (no amulet)
Stlth  +.........               (no ring)
                                (no ring)

@: very quick, not resistant to hostile enchantments, very unstealthy
A: hooves 3, deformed body, speed 2, tough skin 3
a: Potion Petition, Call Merchant, Bribe Branch, Renounce Religion


You were on level 4 of the Dungeon.
You worshipped Gozag.
Gozag was noncommittal.
You were very hungry.

You visited 1 branch of the dungeon, and saw 5 of its levels.

You collected 504 gold pieces.
You paid 87 gold pieces to Gozag.

Inventory:

Hand weapons
 a - a +0 flail
 b - a +1 hand crossbow
 s - a +0 mace
 u - a +0 mace
 y - a +0 war axe
 B - a +5 club (weapon)
Missiles
 c - 19 bolts
Armour
 d - a +0 leather armour
 j - a +2 helmet (worn)
 r - a +0 leather armour of poison resistance (worn)
 t - a cursed +0 scale mail
 v - a cursed +0 ring mail
 z - a +0 pair of gloves (worn)
 J - a cursed +0 leather armour
Jewellery
 h - an uncursed amulet of faith {unknown}
 D - a +2 ring of evasion {unknown}
Magical devices
 w - a wand of frost (11)
 A - a wand of slowing (8)
 G - a wand of magic darts (37)
 H - a wand of fire (6)
Scrolls
 i - 8 scrolls of identify {unknown}
 k - 2 scrolls of teleportation {unknown}
 m - 3 scrolls of immolation {unknown}
 x - a scroll of noise {unknown}
 C - a scroll of fear {unknown}
 E - a scroll of enchant weapon {unknown}
 I - a scroll of amnesia {unknown}
Potions
 e - 2 potions of heal wounds {unknown}
 g - 2 potions of agility {unknown}
 n - a potion of flight {unknown}
 o - 3 potions of ambrosia {unknown}
 p - 5 potions of curing {unknown}
 q - 2 potions of restore abilities {unknown}
 F - a potion of haste {unknown}
Comestibles
 f - 2 bread rations
 l - 2 meat rations


   Skills:
 + Level 3.1 Fighting
 + Level 2.0 Maces & Flails
 * Level 6.3 Crossbows
 + Level 1.8 Armour
 + Level 2.9 Dodging
 + Level 0.5 Stealth


You had 5 spell levels left.
You didn't know any spells.

Dungeon Overview and Level Annotations

Branches:
Dungeon (5/15)
 Temple: D:4-7

Altars:
Fedhas
Gozag
Kikubaaqudgha
Sif Muna
Zin

Shops:
D:3 *

Annotations:
D:5 Vanek666's ghost, experienced MfGl


Innate Abilities, Weirdness & Mutations

You have hooves in place of feet.
Armour fits poorly on your strangely shaped body.
You cover ground very quickly.
You have extremely tough skin (AC +3).


Message History

The gnoll is severely wounded.
The gnoll hits you but does no damage. x2
You sock the gnoll!
You kill the gnoll!
Your Maces & Flails skill increases to level 2!
The gnoll hits you from afar with a halberd!
A gnoll comes into view.
The gnoll shouts!
The gnoll hits you with a halberd!
The gnoll moves out of view.
Things that are here:
12 gold pieces; a club You barely miss the gnoll.
You kick the gnoll, but do no damage. The gnoll misses you.
You hit the gnoll.
The gnoll is moderately wounded.
The gnoll hits you with a halberd!
* * * LOW HITPOINT WARNING * * *
The gnoll hits you with a halberd!
You die...
Your body crumbles into a pile of gold.

### ### ##.##### #.# ##$##.#.#
### ##.# ##g.##..## ##.. #..#
#.@##....# ##... .##..#
##.g##....## ##...# ....g##
##...#......####...## ...#..##
##...#........#.....# ...#..h##
##..........##......##
..###...###..........####.....#
.. ##...#..........## ##....###
.. ##............## ##...##.
....................## #..#...


You could see 2 gnolls.

Vanquished Creatures
  A hound (D:5)
  A jelly (D:5)
  An orc wizard (D:3)
  An orc priest (D:4)
  3 worker ants
  Jessica (D:3)
  Terence (D:3)
  4 gnolls (D:4)
  Robin (D:3)
  2 adders
  2 giant mites
  5 worms
  5 giant geckos
  An ooze (D:1)
  10 orcs
  15 bats
  4 giant cockroaches
  21 goblins
  16 hobgoblins
  10 jackals
  5 kobolds
  A giant newt (D:4)
  2 quokkas (D:2)
  5 rats
118 creatures vanquished.

Notes
Turn   | Place    | Note
--------------------------------------------------------------
     0 | D:1      | CrazyArbalest, the Centaur Hunter, began the quest for the Orb.
     0 | D:1      | Reached XP level 1. HP: 17/17 MP: 1/1
   369 | D:1      | Reached XP level 2. HP: 18/24 MP: 2/2
   620 | D:1      | Reached skill level 5 in Crossbows
   722 | D:1      | HP: 1/24 [hobgoblin (5)]
  1235 | D:1      | Reached XP level 3. HP: 24/29 MP: 3/3
  2127 | D:2      | Reached XP level 4. HP: 37/37 MP: 3/3
  2780 | D:3      | Reached skill level 1 in Armour
  3077 | D:3      | Reached XP level 5. HP: 39/42 MP: 4/4
  3104 | D:3      | Reached skill level 1 in Maces & Flails
  3192 | D:3      | Noticed Terence
  3204 | D:3      | Killed Terence
  3591 | D:3      | Found an opulent altar of Gozag.
  3600 | D:3      | Became a worshipper of Gozag Ym Sagoz the Greedy
  3651 | D:3      | Found Zin's Purification Station.
  3654 | D:3      | Found a glowing silver altar of Zin.
  3655 | D:3      | Noticed Jessica
  3658 | D:3      | Killed Jessica
  3854 | D:3      | Noticed Robin
  3924 | D:3      | Killed Robin
  4321 | D:4      | Reached skill level 6 in Crossbows
  4321 | D:4      | Reached XP level 6. HP: 27/50 MP: 5/5
  4825 | D:4      | Found an ancient bone altar of Kikubaaqudgha.
  4834 | D:4      | You fall through a shaft!
  4834 | D:5      | Entered Level 5 of the Dungeon
  4878 | D:5      | Found a blossoming altar of Fedhas.
  5122 | D:5      | Found a deep blue altar of Sif Muna.
  5200 | D:5      | Noticed Vanek666's ghost (experienced MfGl)
  5347 | D:4      | Slain by a gnoll

Action                   |  1- 3 |  4- 6 || total
-------------------------+-------+-------++-------
Melee: Whip              |   113 |       ||   113
       Mace              |    43 |   104 ||   147
       Flail             |       |    79 ||    79
       Club              |       |   109 ||   109
 Fire: Hand crossbow     |    12 |    29 ||    41
 Stab: Distracted        |       |     1 ||     1
  Eat: Chunk             |     3 |     5 ||     8
       Fruit             |       |     3 ||     3
